 Dungeon Crawl Stone Soup version 0.30-a0-469-g84de5afbc5 (webtiles) character file.

Game seed: 12409405526148088712

68 cforsyth the Cudgeller (level 4, -1/39 HPs)
             Began as an Armataur Gladiator on Dec 19, 2022.
             Slain by a worm (6 damage)
             ... on level 2 of the Dungeon.
             The game lasted 00:03:05 (2140 turns).

cforsyth the Cudgeller (Armataur Gladiator)         Turns: 2140, Time: 00:03:06

Health: -1/39      AC:  8    Str: 21    XL:     4   Next: 1%
Magic:  4/4        EV:  5    Int:  8    God:
Gold:   65         SH:  8    Dex: 18    Spells: 3/3 levels left

rFire   . . .      SeeInvis .    a - +0 flail
rCold   . . .      Faith    .    i - +0 kite shield
rNeg    . . .      Spirit   .    m - +0 chain mail
rPois   .          Reflect  .    c - +0 helmet
rElec   .          Harm     .    (no cloak)
rCorr   .          Roll     +    (no gloves)
Will    .....                    (no barding)
Stlth   ..........               (no amulet)
HPRegen 0.26/turn                k - +6 ring of dexterity
MPRegen 0.09/turn                (no ring)

@: no status effects
A: large, rugged brown scales 3, deformed body, armoured tail, roll, long
tongue, awkward tongue
a: no special abilities


You were on level 2 of the Dungeon.
You visited 1 branch of the dungeon, and saw 2 of its levels.

You collected 85 gold pieces.
You spent 20 gold pieces at shops.

Inventory:

Hand Weapons
 a - a +0 flail (weapon)
Missiles
 d - 3 throwing nets (quivered)
 e - a javelin
Armour
 c - a +0 helmet (worn)
 i - a +0 kite shield (worn)
 m - a +0 chain mail (worn)
Jewellery
 k - a +6 ring of dexterity (left hand)
Scrolls
 f - a scroll of fear {unknown}
 h - 2 scrolls of magic mapping
 l - a scroll of enchant armour {unknown}
Potions
 g - a potion of curing


   Skills:
 + Level 2.5 Fighting
 + Level 3.2 Maces & Flails
 - Level 2.2 Throwing
 + Level 1.0 Armour
 - Level 2.5 Dodging


You had 3 spell levels left.
You didn't know any spells.
Your spell library was empty.

Dungeon Overview and Level Annotations

Branches:
Dungeon (2/15)

Altars:

Shops:
D:2 *

Annotations:
D:2 Sigmund


Innate Abilities, Weirdness & Mutations

You are completely covered in rugged brown scales. (AC +3, +7% HP)
Armour fits poorly on your strangely shaped body.
You have a long armoured tail.
You roll when moving toward enemies. (Rampage)
Your long tongue fully drains potion bottles. (2x potion effects)
Your tongue gives you trouble enunciating. (1.5x scroll delay)


Message History

There is an open door here.
There is an open door here.
Sigmund shouts!
You roll towards Sigmund!
Sigmund flickers, as though insubstantial.
Sigmund hits you but does no damage.
You roll towards Sigmund!
You barely miss Sigmund. You block Sigmund's attack.
You hit Sigmund.
Your tail-slap misses Sigmund.
Sigmund is moderately wounded.
You hit Sigmund.
You tail-slap Sigmund, but do no damage.
Sigmund is heavily wounded.
Sigmund casts a spell at you.
You are confused.
Sigmund barely misses you.
You miss Sigmund.
Sigmund is heavily wounded.
Sigmund hits you with a +0 scythe.
You barely miss Sigmund.
Sigmund is heavily wounded.
Sigmund hits you but does no damage. The worm bites you.
You sock the worm!
Your tail-slap misses the worm.
The worm is heavily wounded.
You feel less confused. Sigmund hits you but does no damage.
The worm bites you.
You closely miss Sigmund.
Sigmund is heavily wounded.
Sigmund hits you with a +0 scythe. The worm bites you but does no damage.
You hit Sigmund.
Sigmund is heavily wounded.
Sigmund mumbles some strange words.
Sigmund flickers and vanishes!
Deactivating autopickup; reactivate with Ctrl-A.
You sock something! Something hits you. The worm bites you.
* * * LOW HITPOINT WARNING * * *
You closely miss something. Something hits you.
* * * LOW HITPOINT WARNING * * *
The worm bites you.
You die...

#.......##....#.)..#### #.##
#.......#####.#..### #...
#.......#####.#..# ####
#...........#....## #
#........##.###...## #
#........##.##.....## ### #
###[.#.<.##.#.......## ##.###
#####......##..........####...##
...............w@.......'.......#
######.>....##.{........####...##
#.........#.......## ##.###
#####.######.....## #####
###.#######...## #. #.......#
##'## #. #.#.###.# #.# #.
#.#.###.####.# #. #.#.......##.##
#.


You could see a worm.

Vanquished Creatures
  A gnoll (D:1)
  3 adders
  A dart slug (D:1)
  2 ball pythons (D:1)
  4 bats
  3 endoplasms
  A giant cockroach (D:2)
  6 hobgoblins
  3 kobolds (D:1)
  A frilled lizard (D:1)
  4 rats (D:1)
29 creatures vanquished.

Notes
Turn   | Place    | Note
-------+----------+-------------------------------------------
     0 | D:1      | cforsyth the Armataur Gladiator began the quest for the
                  | Orb.
     0 | D:1      | Reached XP level 1. HP: 18/18 MP: 1/1
    30 | D:1      | Reached XP level 2. HP: 8/25 MP: 2/2
   566 | D:1      | Reached skill level 3 in Maces & Flails
   829 | D:1      | Reached XP level 3. HP: 31/31 MP: 3/3
   981 | D:2      | Noticed Sigmund
  1297 | D:2      | Found Wivveb's General Store.
  1307 | D:2      | Bought a scroll of identify for 20 gold pieces
  1387 | D:1      | Reached skill level 1 in Armour
  2066 | D:2      | Reached XP level 4. HP: 36/39 MP: 4/4
  2140 | D:2      | Slain by a worm

Illustrated notes

Levels and vault maps discovered:
D:1:      matt_arrival_spirals, layout_rooms, nicolae_grassy_gnolls
D:2:      layout_loops_corners, serial_shops, shop, minmay_misc_feat_enclosed,
          uniq_sigmund

Skill      XL: |  1  2  3 |
---------------+----------+-----
Fighting       | 2 |  2.5
Throwing       | 2 |  2.2
Maces & Flails | 3 |  3.2
Armour         | 1 |  1.0
Dodging        | |  2.5

Action                   |  1- 3 |  4- 6 || total
-------------------------+-------+-------++-------
Melee: Flail             |    95 |    10 ||   105
       Tailslap          |     9 |     1 ||    10
  Use: Scroll            |     2 |       ||     2
 Stab: Sleeping          |     1 |       ||     1
Armor: Leather armour    |    24 |       ||    24
       Chain mail        |    34 |     4 ||    38
Dodge: Dodged            |    34 |     1 ||    35
Block: Kite shield       |    31 |     1 ||    32

Table legend: (Time is in decaauts)
 A = Elapsed time spent in this place.
 B = Non-inter-level travel time spent in this place.
 C = Inter-level travel time spent in this place.
 D = Time resting spent in this place.
 E = Time spent auto-exploring this place.
 F = Levels seen in this place.
 G = Mean time per level.
                   A        B        C        D        E       F      G
               +--------+--------+--------+--------+--------+-----+--------+
         Total |   2180 |   2142 |     38 |    916 |    844 |   2 | 1090.0 |
       Dungeon |   2180 |   2142 |     38 |    916 |    844 |   2 | 1090.0 |
               +--------+--------+--------+--------+--------+-----+--------+

Top non-repeatable levels by time:
     D:1: 1483 daAuts
     D:2: 696 daAuts
